 Dungeon Crawl Stone Soup version 0.14.0-12-g87ee3b7 (webtiles) character file.

56 4tharraofdagon the Grave Robber (level 3, 0/16 HPs)
             Began as a Vine Stalker Necromancer on Apr 17, 2014.
             Slain by a hound (4 damage)
             ... on Level 4 of the Dungeon.
             The game lasted 00:02:56 (327 turns).

4tharraofdagon the Grave Robber (VSNe)               Turns: 327, Time: 00:02:57

HP   0/16        AC  2     Str 10      XL: 3   Next:  0%
MP   0/7         EV 12     Int 16      God:
Gold 33          SH  0     Dex 14      Spells:  2 memorised,  3 levels left

rFire  . . .     SeeInvis .     (no weapon)
rCold  . . .     Clarity  .     a - +0 robe
rNeg   . . .     Conserve .     (no shield)
rPois  .         rCorr    .     (no helmet)
rElec  .         rRot     +     (no cloak)
SustAb . .       Spirit   +     (no gloves)
rMut   .         Warding  .     (no boots)
Saprov . . .     Stasis   .     (no amulet)
MR     .....                    (no ring)
                                (no ring)

@: not resistant to hostile enchantments, fairly stealthy
A: fangs 2, regeneration 1, magic shield, antimagic bite, no device heal
a: no special abilities


You were on level 4 of the Dungeon.
You were not hungry.

You visited 1 branch of the dungeon, and saw 4 of its levels.

You collected 33 gold pieces.

Inventory:

Armour
 a - a +0 robe (worn)
Comestibles
 c - 3 bread rations
 j - a choko
Scrolls
 d - a scroll of remove curse {unknown}
 e - a scroll of enchant armour {unknown}
 h - a scroll of identify {unknown}
 k - 2 scrolls of teleportation {unknown}
Potions
 f - 2 potions of curing {unknown}
 g - a potion of restore abilities {unknown}
 i - a potion of lignification {unknown}
Books
 b - a book of Necromancy

   Spells                             Type                      Level
   *Pain                              Necromancy                   1
   Animate Skeleton                   Necromancy                   1
   Lethal Infusion                    Charms/Necromancy            2
   *Vampiric Draining                 Necromancy                   3
   Regeneration                       Charms/Necromancy            3
   Animate Dead                       Necromancy                   4
   Control Undead                     Necromancy                   4


   Skills:
 - Level 1.5 Dodging
 - Level 2.4 Stealth
 + Level 2.7 Spellcasting
 * Level 4.5 Necromancy


You had 3 spell levels left.
You knew the following spells:

 Your Spells              Type           Power        Failure   Level  Hunger
a - Pain                  Necr           ###.         3%          1    #......
b - Vampiric Draining     Necr           ###.......   12%         3    ###....


Dungeon Overview and Level Annotations

Branches:
Dungeon (4/15)
 Temple: D:4-7

Altars:

Annotations:
D:4 Natasha


Innate Abilities, Weirdness & Mutations

You are immune to rotting.
You have extremely sharp teeth.
Your natural rate of healing is unusually fast.
When hurt, damage is shared between your health and your magic reserves.
Your bite disrupts and absorbs the magic of your enemies.
Potions and wands cannot restore your HP.


Message History

Unknown command.
The hound bites you.
Unknown command.
Unknown command.
The hound bites you.
* * * LOW HITPOINT WARNING * * *
Unknown command.
Drink which item? (? for menu, Esc to quit)
Okay, then.
Unknown command.
Unknown command.
The hound bites you.
* * * LOW HITPOINT WARNING * * *
Unknown command.
Unknown command.
Unknown command.
You barely miss the hound. The hound closely misses you.
Unknown command.
You hit the hound but do no damage. The hound bites you.
You die...

#....#.....
#<.........
#...........
#....##.###
#..).##.#
#.>..##.#######
#...............
#....##.#######
##.####@# #.#
#h#
#.####.###### #.
#........# #.
#........# .
#........##
#...........
#..........
.......####.


You could see a hound.

Vanquished Creatures
  An adder (D:3)
  A giant gecko (D:1)
  3 bats
  A goblin (D:1)
  3 hobgoblins
  2 giant newts
  A kobold (D:1)
  2 rats (D:3)
14 creatures vanquished.

Vanquished Creatures (others)
  2 ghouls (D:1)
  2 minotaurs (D:1)
  4 octopodes (D:1)
  A spriggan (D:1)
  A vampire (D:1)
  A human (D:1)
  A centaur (D:1)
  A mummy (D:1)
  An orc (D:1)
  A kobold (D:1)
  5 tentacles (D:1)
  38 tentacle segments (D:1)
58 creatures vanquished.

Grand Total: 72 creatures vanquished

Notes
Turn   | Place    | Note
--------------------------------------------------------------
     0 | D:1      | 4tharraofdagon, the Vine Stalker Necromancer, began the quest for the Orb.
     0 | D:1      | Reached XP level 1. HP: 9/9 MP: 3/3
     2 | D:1      | Noticed an octopode
     2 | D:1      | Noticed a vampire
     2 | D:1      | Noticed an octopode
     2 | D:1      | Noticed a minotaur
     2 | D:1      | Noticed a human
     2 | D:1      | Noticed a kraken
     2 | D:1      | Noticed a minotaur
     2 | D:1      | Noticed a centaur
     2 | D:1      | Noticed a spriggan
     2 | D:1      | Noticed an octopode
     2 | D:1      | Noticed an octopode
     2 | D:1      | Noticed a ghoul
     2 | D:1      | Noticed a ghoul
     3 | D:1      | Killed a spriggan
     7 | D:1      | Killed an octopode
     9 | D:1      | Killed an octopode
    10 | D:1      | Killed an octopode
    10 | D:1      | Killed an octopode
    13 | D:1      | Killed a minotaur
    13 | D:1      | Killed a vampire
    15 | D:1      | Killed a centaur
    16 | D:1      | Killed a human
    19 | D:1      | Killed a ghoul
    21 | D:1      | Killed a ghoul
    48 | D:1      | Killed a minotaur
   129 | D:1      | Reached XP level 2. HP: 10/13 MP: 4/6
   255 | D:3      | Reached XP level 3. HP: 16/16 MP: 5/7
   273 | D:3      | Learned a level 3 spell: Vampiric Draining
   282 | D:4      | Noticed Natasha
   283 | D:4      | Noticed an ogre
   327 | D:4      | Slain by a hound

Action                   || total
-------------------------++-------
Melee: Unarmed           ||    25
 Cast: Pain              ||    23
